 Dungeon Crawl Stone Soup version 0.27.0-1-g7a089689b8 (webtiles) character file.

Game seed: 1760418698562321406

53 freelancePsychic the Slicer (level 3, -3/31 HPs)
             Began as a Gnoll Wanderer on Aug 2, 2021.
             Killed from afar by an orc wizard (5 damage)
             ... with a magic dart
             ... on level 3 of the Dungeon.
             The game lasted 00:02:10 (1801 turns).

freelancePsychic the Slicer (Gnoll Wanderer)        Turns: 1801, Time: 00:02:11

Health: -3/31      AC:  6    Str: 10    XL:     3   Next: 87%
Magic:  4/4        EV:  9    Int:  8    God:
Gold:   84         SH:  0    Dex: 16    Spells: 4/4 levels left

rFire    . . .     SeeInvis .   a - +2 short sword
rCold    . . .     Faith    .   (no shield)
rNeg     . . .     Spirit   .   k - +0 scale mail
rPois    .         Reflect  .   (no helmet)
rElec    .         Harm     .   (no cloak)
rCorr    .         Rampage  .   (no gloves)
Will     .....                  (no boots)
Stlth    +.........             (no amulet)
HPRegen  0.10/turn              (no ring)
MPRegen  0.09/turn              (no ring)

@: flying
A: fangs 1, strong nose, distributed training
a: no special abilities


You were on level 3 of the Dungeon.
You visited 1 branch of the dungeon, and saw 3 of its levels.

You collected 84 gold pieces.

Inventory:

Hand Weapons
 a - a +2 short sword (weapon)
 b - a +0 quarterstaff
Armour
 d - a +0 robe
 k - a +0 scale mail (worn)
Wands
 r - a wand of acid (4)
Scrolls
 c - a scroll of teleportation {@r4}
 f - 2 scrolls of blinking
 n - a scroll of noise
 o - a scroll of fear
 p - 2 scrolls of vulnerability {unknown}
 q - a scroll of immolation {unknown}
Potions
 g - a potion of magic {unknown}
 h - a potion of ambrosia {unknown}
 i - 2 potions of flight
 j - 2 potions of curing {unknown}
 l - a potion of degeneration {unknown}
 m - 2 potions of attraction {unknown}


   Skills:
 + Level 4.6 Fighting
 + Level 10.3 Short Blades
 + Level 1.0 Long Blades
 + Level 1.0 Axes
 + Level 1.0 Maces & Flails
 + Level 1.0 Polearms
 + Level 1.0 Staves
 + Level 1.0 Slings
 + Level 1.0 Bows
 + Level 1.0 Crossbows
 + Level 2.6 Throwing
 + Level 1.0 Armour
 + Level 2.6 Dodging
 + Level 2.4 Stealth
 + Level 1.0 Shields
 + Level 1.0 Unarmed Combat
 + Level 1.0 Spellcasting
 + Level 0.7 Conjurations
 + Level 0.7 Hexes
 + Level 0.7 Summonings
 + Level 0.7 Necromancy
 + Level 0.7 Translocations
 + Level 0.7 Transmutations
 + Level 0.7 Fire Magic
 + Level 0.7 Ice Magic
 + Level 0.7 Air Magic
 + Level 0.7 Earth Magic
 + Level 0.7 Poison Magic
 + Level 1.0 Invocations
 + Level 1.0 Evocations


You had 4 spell levels left.
You didn't know any spells.
Your spell library was empty.

Dungeon Overview and Level Annotations

Branches:
Dungeon (3/15)

Altars:

Annotations:
D:2 1 runed translucent door, Crazy Yiuf


Innate Abilities, Weirdness & Mutations

You have very sharp teeth.
Your uncanny sense of smell can sniff out nearby items.
Your experience applies equally to all skills.


Message History

The orc is lightly wounded.
The orc hits you with a +0 falchion.
You hit the orc.
You kill the orc!
Your Long Blades skill increases to level 1!
Your Axes skill increases to level 1!
Your Maces & Flails skill increases to level 1!
Your Polearms skill increases to level 1!
Your Staves skill increases to level 1!
Your Slings skill increases to level 1!
Your Bows skill increases to level 1!
Your Crossbows skill increases to level 1!
Your Armour skill increases to level 1!
Your Shields skill increases to level 1!
Your Unarmed Combat skill increases to level 1!
Your Spellcasting skill increases to level 1!
Your Evocations skill increases to level 1!
You puncture the orc!
You kill the orc!
The orc wizard mumbles some strange words.
The orc wizard flickers and vanishes!
Something hits you but does no damage.
Items here: )) [ †.
You closely miss something. You bite something. You closely miss something.
Your bite misses something. Something hits you.
You miss something. Something hits you.
You hit something.
Your scale mail prevents you from hitting something.
You bite something.
You hear some strange, mumbled words.
A magic dart appears from out of thin air!
The magic dart hits you!
* * * LOW HITPOINT WARNING * * *
You miss something.
It was a potion of flight.
You feel very buoyant.
You fly up into the air.
You hear some strange, mumbled words.
A magic dart appears from out of thin air!
The magic dart hits you.
You die...

#.# ###.### #.....#
#.....# #.....# ## #.....#
# ##.##.#### #.....## ##
#........#########...####.
'.......{@..............+.
#......#.#########...####.
#.....##.# ###..## ##
#....# #.# ##.#.## # #....
..# ##....# #### ###
##.....## #.......#
##.....## ##...##


There were no monsters in sight!

Vanquished Creatures
  2 adders (D:2)
  A worm (D:2)
  2 orcs (D:3)
  An endoplasm (D:1)
  A hobgoblin (D:1)
  4 jackals (D:3)
  3 kobolds
  3 quokkas
  2 ball pythons (D:1)
  3 bats
  2 frilled lizards
  2 goblins
  5 rats
31 creatures vanquished.

Vanquished Creatures (others)
  2 fungi (D:2)
2 creatures vanquished.

Grand Total: 33 creatures vanquished

Notes
Turn   | Place    | Note
-------+----------+-------------------------------------------
     0 | D:1      | Reached skill level 10 in Short Blades
     0 | D:1      | freelancePsychic the Gnoll Wanderer began the quest for the
                  | Orb.
     0 | D:1      | freelancePsychic set off with the following items: a +2
                  | short sword, a +0 quarterstaff, a scroll of teleportation
                  | {@r4}, a +0 robe
     0 | D:1      | Reached XP level 1. HP: 20/20 MP: 1/1
   308 | D:1      | Found a faded altar of an unknown god.
   484 | D:1      | Reached XP level 2. HP: 26/26 MP: 2/2
  1096 | D:2      | Reached XP level 3. HP: 31/31 MP: 3/3
  1386 | D:2      | Found a runed translucent door.
  1387 | D:2      | Noticed Crazy Yiuf
  1496 | D:3      | Reached skill level 1 in Invocations
  1793 | D:3      | Reached skill level 1 in Long Blades
  1793 | D:3      | Reached skill level 1 in Axes
  1793 | D:3      | Reached skill level 1 in Maces & Flails
  1793 | D:3      | Reached skill level 1 in Polearms
  1793 | D:3      | Reached skill level 1 in Staves
  1793 | D:3      | Reached skill level 1 in Slings
  1793 | D:3      | Reached skill level 1 in Bows
  1793 | D:3      | Reached skill level 1 in Crossbows
  1793 | D:3      | Reached skill level 1 in Armour
  1793 | D:3      | Reached skill level 1 in Shields
  1793 | D:3      | Reached skill level 1 in Unarmed Combat
  1793 | D:3      | Reached skill level 1 in Spellcasting
  1793 | D:3      | Reached skill level 1 in Evocations
  1801 | D:3      | Killed from afar by an orc wizard

Illustrated notes

Levels and vault maps discovered:
D:1:      grunt_arrival_lava_bath, layout_rooms,
          chequers_ecumenical_altar_simple_redux, minivault_5
D:2:      layout_loops_ring, uniq_crazy_yiuf_cottage
D:3:      layout_loops_corners, hex_medium

Skill      XL: |  1  2  3 |
---------------+----------+-----
Short Blades   | | 10.3
Invocations    | 1 |  1.0
Long Blades    | 1 |  1.0
Axes           | 1 |  1.0
Maces & Flails | 1 |  1.0
Polearms       | 1 |  1.0
Staves         | 1 |  1.0
Slings         | 1 |  1.0
Bows           | 1 |  1.0
Crossbows      | 1 |  1.0
Armour         | 1 |  1.0
Shields        | 1 |  1.0
Unarmed Combat | 1 |  1.0
Spellcasting   | 1 |  1.0
Evocations     | 1 |  1.0
Fighting       | |  4.6
Throwing       | |  2.6
Dodging        | |  2.6
Stealth        | |  2.4
Conjurations   | |  0.7
Hexes          | |  0.7
Summonings     | |  0.7
Necromancy     | |  0.7
Translocations | |  0.7
Transmutations | |  0.7
Fire Magic     | |  0.7
Ice Magic      | |  0.7
Air Magic      | |  0.7
Earth Magic    | |  0.7
Poison Magic   | |  0.7

Action                   || total
-------------------------++-------
Melee: Short sword       ||    87
       Bite              ||     7
  Use: Scroll            ||     3
       Potion            ||     1
 Stab: Sleeping          ||     2
Armor: Scale mail        ||    22
       Robe              ||     1
Dodge: Dodged            ||    15
